[Event "Titled Tuesday Blitz December 06 Early 2022"]
[White "Mahajan, Rushaan"]
[Black "Timofeev, Artyom"]
[WhiteFideId "30934222"]
[BlackFideId "4140419"]
[WhiteElo "2148"]
[BlackElo "2586"]
[Result "0-1"]
[Round "01"]
[TimeControl "180+1"]
[Date "2022.12.07"]
[WhiteClock "0:00:44"]
[BlackClock "0:00:50"]

1. Nf3 d5 2. g3 Nf6 3. Bg2 g6 4. b3 Bg7 5. Bb2 O-O 6. c4 c6 7. O-O a5 8. Nc3 d4 9. Na4 Ne4 10. Qc2 Bf5 11. Nxd4 Nxg3 12. Nxf5 Nxf5 13. Bxg7 Kxg7 14. e3 Kg8 15. d4 Nd7 16. Rad1 Nf6 17. Kh1 Nh4 18. f4 Rc8 19. Nc5 b6 20. Ne4 Nf5 21. Rfe1 e6 22. Ng3 Ng4 23. Nxf5 exf5 24. h3 Nf6 25. e4 fxe4 26. Bxe4 Qd6 27. Qf2 Nh5 28. Rf1 Rce8 29. Rde1 c5 30. Bd5 cxd4 31. Qxd4 Rxe1 32. Bxf7+ Rxf7 33. Qxd6 Rxf1+ 34. Kg2 R1xf4 35. Qxb6 Rf2+ 36. Qxf2 Rxf2+ 37. Kxf2 Kf7 38. a3 Ke6 39. b4 a4 40. Kf3 Ke5 41. Kg4 h6 42. h4 Nf6+ 43. Kf3 Kd4 44. b5 Kxc4 45. b6 Nd7 46. b7 Kd5 47. Kf4 Kc6 48. h5 gxh5 49. Kf5 Kxb7 50. Kg6 Kc6 51. Kxh5 Kb5 52. Kxh6 Kc4 53. Kg5 Kb3 0-1


[Site "https://www.chess.com"]

[Event "Titled Tuesday Blitz December 06 Early 2022"]
[White "Manon-og, Ramon Jr."]
[Black "Volkov, Maksim"]
[WhiteFideId "5200776"]
[BlackFideId "54123070"]
[WhiteElo "2326"]
[BlackElo "2257"]
[Result "0-1"]
[Round "01"]
[TimeControl "180+1"]
[Date "2022.12.07"]
[WhiteClock "0:00:01"]
[BlackClock "0:00:06"]

1. e4 c5 2. Nf3 d6 3. Bb5+ Nd7 4. a4 a6 5. Bc4 e6 6. Nc3 Ngf6 7. O-O Be7 8. d4 cxd4 9. Nxd4 Qc7 10. Bxe6 fxe6 11. Nxe6 Qc4 12. Nxg7+ Kf7 13. Nf5 Qe6 14. f4 Nc5 15. Nxe7 Qxe7 16. e5 dxe5 17. fxe5 Qxe5 18. Qd5+ Qxd5 19. Nxd5 Ne4 20. Nxf6 Nxf6 21. Bg5 Kg6 22. Bxf6 Re8 23. Bc3 Bf5 24. Rad1 Re6 25. Rd2 Rae8 26. h3 h5 27. Rdf2 Be4 28. Rf6+ Rxf6 29. Rxf6+ Kg5 30. Kf2 Bxc2 31. g3 h4 32. gxh4+ Kxh4 33. Bd2 Kxh3 34. Kf3 Bd1+ 35. Kf4 Bxa4 36. Be3 Rg8 37. Bf2 Kg2 38. Bd4 Bc6 39. Rf7 Bd5 40. Rd7 Rf8+ 41. Ke5 Bc6 42. Rg7+ Kf3 43. Bc3 Be4 44. Rg5 Ke3 45. Rg3+ Bf3 46. Rg1 Kd3 47. Re1 Kc4 48. Kd6 Bc6 49. Kc7 Rf7+ 50. Kb6 Kb3 51. Rd1 Rf5 52. Rd4 Rb5+ 53. Kc7 a5 54. Rf4 a4 55. Bg7 Rc5 56. Kb6 Rc2 0-1


[Site "https://www.chess.com"]

[Event "Titled Tuesday Blitz December 06 Early 2022"]
[White "Martin, Lewis"]
[Black "Goroshkov, Maksym"]
[WhiteFideId "410551"]
[BlackFideId "14142716"]
[WhiteElo "2145"]
[BlackElo "2258"]
[Result "0-1"]
[Round "01"]
[TimeControl "180+1"]
[Date "2022.12.07"]
[WhiteClock "0:00:20"]
[BlackClock "0:00:25"]

1. e4 e5 2. Nf3 d6 3. d4 Bg4 4. dxe5 Nd7 5. Be2 Bxf3 6. Bxf3 dxe5 7. Nc3 Ngf6 8. O-O c6 9. Be3 Be7 10. Qd2 Qc7 11. Rad1 O-O 12. a3 Rad8 13. Qc1 Nc5 14. Rxd8 Rxd8 15. Rd1 Ne6 16. Ne2 b6 17. h3 Bc5 18. Bxc5 Nxc5 19. Ng3 Rxd1+ 20. Qxd1 Qd7 21. Qxd7 Nfxd7 22. b3 g6 23. Kf1 Ne6 24. Ke1 Nd4 25. Bd1 Nc5 26. Kd2 h5 27. f3 Nce6 28. Nf1 Nf4 29. Ne3 Nb5 30. a4 Nd6 31. h4 Kf8 32. g4 hxg4 33. Nxg4 Ng2 34. Nxe5 c5 35. Nc6 a5 36. Ne5 Ke7 37. Be2 Nxh4 38. Ke3 Ng2+ 39. Kf2 Nf4 40. Bf1 f5 41. Kg3 g5 42. exf5 Nxf5+ 43. Kg4 Ne3+ 44. Kxg5 Ne6+ 45. Kg6 Nxf1 46. Nc4 Nd4 47. Nxb6 Nxc2 48. Nc4 Nd4 49. Nxa5 Nxf3 50. Kf5 Kd6 51. Ke4 N3d2+ 52. Kd3 Kd5 53. Ke2 Kd4 54. Nc6+ Kd5 55. Na5 Kd6 56. Nb7+ Kc6 57. Na5+ Kb6 58. Nc4+ Nxc4 59. bxc4 Ng3+ 60. Kd3 Nf5 61. Kc3 Nd6 62. Kb3 Ka5 0-1


[Site "https://www.chess.com"]

[Event "Titled Tuesday Blitz December 06 Early 2022"]
[White "Mazurkiewicz, Michal"]
[Black "Corrales Jimenez, Fidel"]
[WhiteFideId "1124943"]
[BlackFideId "3506690"]
[WhiteElo "2081"]
[BlackElo "2541"]
[Result "0-1"]
[Round "01"]
[TimeControl "180+1"]
[Date "2022.12.07"]
[WhiteClock "0:00:16"]
[BlackClock "0:00:19"]

1. e4 c5 2. Nf3 d6 3. g3 Nf6 4. d3 g6 5. Bg2 Bg7 6. O-O O-O 7. Re1 Nc6 8. e5 dxe5 9. Nxe5 Nxe5 10. Rxe5 Ng4 11. Re1 Qd4 12. Qe2 Ne5 13. Bf4 Nc6 14. Nc3 Be6 15. Nb5 Qd7 16. c3 Rad8 17. Nc7 Bg4 18. Qe3 e5 19. Bxc6 Qxc7 20. Bg5 f6 21. Qxc5 Qxc6 22. Be3 Rxd3 23. Qb4 Bh3 24. f3 Qxf3 25. Qc4+ Kh8 26. Qxd3 Qg2# 0-1


[Site "https://www.chess.com"]

[Event "Titled Tuesday Blitz December 06 Early 2022"]
[White "Mendez Fortes, Eduardo Jesus"]
[Black "Fabris, Alberto"]
[WhiteFideId "3502376"]
[BlackFideId "801348"]
[WhiteElo "2307"]
[BlackElo "2164"]
[Result "1/2-1/2"]
[Round "01"]
[TimeControl "180+1"]
[Date "2022.12.07"]
[WhiteClock "0:00:19"]
[BlackClock "0:00:10"]

1. e4 c6 2. d4 d5 3. Nc3 dxe4 4. Nxe4 Bf5 5. Ng3 Bg6 6. Nh3 h6 7. Nf4 Bh7 8. Bc4 e6 9. Qe2 Nf6 10. c3 Be7 11. Ngh5 Nxh5 12. Nxh5 O-O 13. Qg4 Bg6 14. Nf4 Bf5 15. Qf3 Nd7 16. g4 Bh7 17. h4 e5 18. Nh5 exd4 19. Bd2 Ne5 20. Qe2 Nxc4 21. Qxc4 Bxh4 22. O-O-O Bf6 23. Nxf6+ Qxf6 24. cxd4 Qg6 25. Be3 Qb1+ 26. Kd2 Qxb2+ 27. Ke1 Rae8 28. g5 hxg5 29. Qc5 f5 30. Qc4+ Rf7 31. Rxh7 f4 32. Rh8+ Kxh8 33. Qxf7 Re4 34. Qg6 Qc2 35. Qh5+ Kg8 36. Rd2 Qb1+ 37. Rd1 Qc2 38. Qxg5 fxe3 39. fxe3 Re8 40. Rd2 Qc1+ 41. Ke2 Qc4+ 42. Rd3 Qc2+ 43. Rd2 Qc4+ 44. Kd1 Qf1+ 45. Kc2 Qc4+ 46. Kb2 Qb4+ 47. Kc1 Qc3+ 48. Rc2 Qe1+ 49. Kb2 Qb4+ 50. Ka1 Qe1+ 51. Kb2 Qb4+ 52. Kc1 Qe1+ 53. Kb2 1/2-1/2


[Site "https://www.chess.com"]

[Event "Titled Tuesday Blitz December 06 Early 2022"]
[White "Mihailidis, Anastasios"]
[Black "Mikhailovsky, Vladimir"]
[WhiteFideId "4205588"]
[BlackFideId "34105414"]
[WhiteElo "2312"]
[BlackElo "2295"]
[Result "0-1"]
[Round "01"]
[TimeControl "180+1"]
[Date "2022.12.07"]
[WhiteClock "0:01:33"]
[BlackClock "0:00:32"]

1. e4 Nf6 2. e5 Nd5 3. d4 d6 4. c4 Nb6 5. exd6 exd6 6. Nc3 Be7 7. Nf3 O-O 8. Be3 Nc6 9. Be2 Bg4 10. b3 Bf6 11. O-O Re8 12. Qd2 d5 13. c5 Nc8 14. h3 Bh5 15. Rfe1 N8e7 16. Rad1 Nf5 17. Nh2 Bg6 18. Nf3 Nxe3 19. fxe3 a6 20. Bd3 Qd7 21. Bxg6 hxg6 22. Qd3 Rad8 23. Re2 Qf5 24. Qxf5 gxf5 25. Rde1 g6 26. Kf2 Kg7 27. a3 Na5 28. Rb1 Re6 29. g3 b6 30. h4 bxc5 31. b4 cxb4 32. axb4 Nc4 33. b5 axb5 34. Rxb5 c6 35. Rb7 Ra8 36. Rb3 Ra1 37. Nd2 Nxe3 38. Rxe3 Bxd4 39. Ne2 Bxe3+ 40. Rxe3 Ra2 41. Rxe6 fxe6 42. Ke3 c5 43. Nf3 Ra3+ 44. Kf2 Kf6 45. Nf4 d4 46. Ng5 e5 47. Nd5+ Kg7 48. Ne6+ Kf7 49. Nd8+ Ke8 50. Ne6 e4 51. Nec7+ Kd7 52. Nb5 Ra2+ 53. Ke1 Kc6 54. Ndc3 dxc3 55. Nxc3 Ra3 56. Ne2 Re3 57. Kf2 Rxe2+ 58. Kxe2 Kd5 59. Ke3 Ke5 60. Ke2 f4 61. gxf4+ Kxf4 62. Kf2 Kg4 63. Ke3 Kxh4 64. Kxe4 g5 65. Kd5 g4 66. Kxc5 g3 67. Kd4 g2 68. Ke3 g1=Q+ 69. Kf3 Qg3+ 70. Ke4 Qg4+ 71. Ke5 Kg3 72. Kd6 Qf4+ 73. Kc6 Kg4 74. Kb7 Qd6 75. Kc8 Qe7 76. Kb8 Kh3 77. Ka8 Kh2 78. Kb8 Kh1 79. Kc8 Kg1 80. Kb8 Kf1 81. Kc8 Ke1 82. Kb8 Kd1 83. Kc8 Kc1 84. Kb8 Kb1 85. Kc8 Ka1 86. Kb8 Ka2 87. Kc8 Kb2 88. Kb8 Ka3 89. Kc8 Kb3 90. Kb8 Kb4 91. Kc8 Ka4 92. Kb8 Kb5 93. Kc8 Ka5 94. Kb8 Kb6 95. Kc8 Ka6 96. Kb8 Qb7# 0-1


[Site "https://www.chess.com"]

[Event "Titled Tuesday Blitz December 06 Early 2022"]
[White "Miszler, Levente"]
[Black "Gormally, Daniel W"]
[WhiteFideId "763276"]
[BlackFideId "406465"]
[WhiteElo "2176"]
[BlackElo "2553"]
[Result "1/2-1/2"]
[Round "01"]
[TimeControl "180+1"]
[Date "2022.12.07"]
[WhiteClock "0:00:10"]
[BlackClock "0:00:22"]

1. Nf3 Nf6 2. c4 g6 3. g3 Bg7 4. Bg2 O-O 5. O-O d6 6. Nc3 e5 7. d3 Nbd7 8. Rb1 a5 9. a3 Re8 10. e4 Nc5 11. b4 axb4 12. axb4 Ne6 13. Bb2 c6 14. Ra1 Bd7 15. Qb3 Qb6 16. Ra3 Rxa3 17. Qxa3 Bf8 18. Ra1 Ng4 19. Nd1 c5 20. b5 Nd4 21. Qa7 Qxa7 22. Rxa7 Rb8 23. Nc3 Be7 24. Nd5 Bd8 25. Nxd4 exd4 26. Bc1 Ne5 27. Bf1 Be6 28. f4 Nf3+ 29. Kg2 Ne1+ 30. Kf2 Nc2 31. Bd2 Bxd5 32. exd5 Bb6 33. Ra2 Nb4 34. Ra4 Re8 35. Bxb4 cxb4 36. Rxb4 Ra8 37. Rb2 Kf8 38. Re2 Ra3 39. Re1 Ba5 40. Re4 Bc3 41. g4 b6 42. f5 gxf5 43. gxf5 Kg7 44. Be2 Kf6 45. Rh4 Kxf5 46. Rxh7 Kg6 47. Rh8 Bd2 48. Rb8 Be3+ 49. Kf3 Ra1 50. Rxb6 Rh1 51. Rxd6+ Kf5 52. b6 Rxh2 53. b7 Rh8 54. Rb6 Bf4 55. Kg2 Rh2+ 56. Kf1 Bb8 57. Bf3 Kf4 58. Be4 Ke3 59. c5 Rf2+ 60. Kg1 Rc2 61. d6 Rxc5 62. Rc6 Rxc6 63. Bxc6 Bxd6 64. Be4 Kf4 65. Kf2 f5 66. Bd5 Ke5 67. Bc4 Kf4 68. Ke2 Kg3 69. Kf1 f4 70. Bd5 f3 71. Be4 f2 72. Bd5 Bb8 73. Be4 Bc7 74. Bc6 Bb8 75. Be4 Bc7 76. Bc6 Bb8 77. Be4 1/2-1/2


[Site "https://www.chess.com"]

[Event "Titled Tuesday Blitz December 06 Early 2022"]
[White "Mkrtchian, Lilit"]
[Black "Salem, A.R. Saleh"]
[WhiteFideId "13300601"]
[BlackFideId "9301348"]
[WhiteElo "2316"]
[BlackElo "2633"]
[Result "0-1"]
[Round "01"]
[TimeControl "180+1"]
[Date "2022.12.06"]
[WhiteClock "0:00:01"]
[BlackClock "0:02:17"]

1. Nf3 Nf6 2. g3 d5 3. Bg2 c5 4. O-O e6 5. d3 Be7 6. e4 O-O 7. Bf4 Nc6 8. a4 b6 9. Re1 Bb7 10. e5 Nd7 11. h4 a6 12. Nbd2 b5 13. Nf1 d4 14. N1h2 Nb6 15. axb5 axb5 16. Ng4 Rxa1 17. Qxa1 Nd5 18. Bd2 Ncb4 19. Qd1 Qa8 20. Bc1 Nb6 21. Bg5 Bxg5 22. hxg5 Nxc2 23. Qxc2 Bxf3 24. Bxf3 Qxf3 25. Nh2 Qd5 26. Ra1 Qxe5 27. Ra6 Rb8 28. Nf3 Qd5 29. Qe2 Nd7 30. Qe4 Qxe4 31. dxe4 d3 32. Rd6 Nb6 33. Rxd3 c4 34. Rd6 Na4 35. Rd2 Nc5 36. e5 g6 37. Rc2 Rd8 0-1


[Site "https://www.chess.com"]

[Event "Titled Tuesday Blitz December 06 Early 2022"]
[White "Mladenovic, Stefan"]
[Black "Paiva, Henrique M A Albergaria"]
[WhiteFideId "942227"]
[BlackFideId "1920995"]
[WhiteElo "2318"]
[BlackElo "1993"]
[Result "0-1"]
[Round "01"]
[TimeControl "180+1"]
[Date "2022.12.07"]
[WhiteClock "0:00:02"]
[BlackClock "0:00:35"]

1. d4 d5 2. Bf4 c6 3. e3 Nf6 4. c4 e6 5. Nf3 Bd6 6. Bg3 O-O 7. Nc3 Qe7 8. c5 Bc7 9. Ne5 Ne4 10. Nxe4 dxe4 11. f3 f6 12. Nc4 Bxg3+ 13. hxg3 e5 14. Nd6 exd4 15. Qxd4 exf3 16. Bc4+ Be6 17. gxf3 Nd7 18. O-O-O Ne5 19. Rxh7 Kxh7 20. Rh1+ Kg8 21. Qh4 Qxd6 22. cxd6 Bxc4 23. f4 Ng6 24. Qh7+ Kf7 25. f5 Ne5 26. Qh5+ g6 27. fxg6+ Ke6 28. g7 Rg8 29. Qh7 Kf7 30. Qh5+ Ng6 31. Rf1 Rxg7 32. Rf2 Rd8 33. Qc5 Be6 34. Qxa7 Rxd6 35. Qxb7+ Rd7 36. Qxc6 Ne5 37. Qc2 Nd3+ 38. Kb1 Nxf2 39. Qxf2 Rg5 40. b3 Rgd5 41. Qf4 Rd2 42. g4 Rg2 43. Kc1 Rxg4 44. Qf2 Re4 45. Qf3 Bd5 46. Qh3 Rc7+ 47. Kb2 Ree7 48. Qh7+ Ke6 49. Qh5 Be4 50. Qg4+ f5 51. Qg6+ Ke5 52. Qb6 Rc2+ 53. Ka3 Rb7 54. Kb4 Rxb6+ 0-1


[Site "https://www.chess.com"]

[Event "Titled Tuesday Blitz December 06 Early 2022"]
[White "Mogranzini, Roberto"]
[Black "Lenderman, Aleksandr"]
[WhiteFideId "810894"]
[BlackFideId "2021285"]
[WhiteElo "2469"]
[BlackElo "2607"]
[Result "0-1"]
[Round "01"]
[TimeControl "180+1"]
[Date "2022.12.06"]
[WhiteClock "0:00:22"]
[BlackClock "0:01:30"]

1. e4 e6 2. d4 d5 3. Bd3 dxe4 4. Bxe4 Nf6 5. Bf3 c5 6. Ne2 Nc6 7. Be3 Nd5 8. dxc5 Nxe3 9. Bxc6+ bxc6 10. Qxd8+ Kxd8 11. fxe3 Bxc5 12. Kf2 Ke7 13. Nbc3 e5 14. Ne4 Bb6 15. b4 a5 16. a3 Rd8 17. Rhd1 Rxd1 18. Rxd1 axb4 19. axb4 Ra2 20. Rd2 Bf5 21. c3 Ra3 22. Nd6 Be6 23. Ne4 h6 24. h3 f5 25. Nc5 Bxc5 26. bxc5 Bc4 27. Rb2 Bxe2 28. Kxe2 Rxc3 29. Rb7+ Kf6 0-1


[Site "https://www.chess.com"]

[Event "Titled Tuesday Blitz December 06 Early 2022"]
[White "Moksh Amit Doshi"]
[Black "Osiecki, Stanislaw"]
[WhiteFideId "25064967"]
[BlackFideId "1102990"]
[WhiteElo "2297"]
[BlackElo "2088"]
[Result "1-0"]
[Round "01"]
[TimeControl "180+1"]
[Date "2022.12.07"]
[WhiteClock "0:01:15"]
[BlackClock "0:00:50"]

1. d4 Nf6 2. c4 g6 3. Nc3 Bg7 4. e4 d6 5. Nf3 O-O 6. Be2 e5 7. O-O Nbd7 8. Re1 c6 9. Bf1 Qe7 10. Be3 Ng4 11. Bg5 f6 12. Bh4 g5 13. Bg3 Nh6 14. Qd2 Nf7 15. Rad1 h5 16. h3 h4 17. Bh2 Bh6 18. Qc2 Kg7 19. Ne2 Rd8 20. c5 dxc5 21. dxe5 fxe5 22. Nc1 Kg6 23. Bc4 Bg7 24. Nd3 Nb6 25. Bxf7+ Qxf7 26. Ndxe5+ Bxe5 27. Nxe5+ 1-0


[Site "https://www.chess.com"]

[Event "Titled Tuesday Blitz December 06 Early 2022"]
[White "Molina, Roberto Junio Brito"]
[Black "Rama, Tejas"]
[WhiteFideId "2109450"]
[BlackFideId "30907381"]
[WhiteElo "2376"]
[BlackElo "2089"]
[Result "1-0"]
[Round "01"]
[TimeControl "180+1"]
[Date "2022.12.07"]
[WhiteClock "0:00:19"]
[BlackClock "0:00:07"]

1. d4 Nf6 2. e3 d5 3. Nf3 c5 4. Be2 Nc6 5. O-O Bg4 6. c3 e6 7. Ne5 Bxe2 8. Qxe2 Nxe5 9. dxe5 Nd7 10. f4 Be7 11. Nd2 O-O 12. e4 Nb6 13. exd5 Qxd5 14. Ne4 c4 15. Qf3 Qd3 16. Be3 Nd5 17. Bd4 Qxf3 18. Rxf3 b5 19. g4 b4 20. f5 bxc3 21. bxc3 Rab8 22. f6 gxf6 23. exf6 Ba3 24. Bxa7 Rb2 25. Bd4 Ra8 26. Raf1 Bf8 27. R1f2 Raxa2 28. Rxb2 Rxb2 29. Rf2 Rb1+ 30. Rf1 Rb2 31. Rf2 Rb1+ 32. Kg2 Bh6 33. g5 Bf8 34. h4 h6 35. Kf3 Rh1 36. Kg4 hxg5 37. hxg5 Rg1+ 38. Kf3 Rh1 39. Rg2 Rh3+ 40. Kg4 Rh1 41. Bg1 Rh8 42. Ra2 Kh7 43. Bd4 Kg6 44. Rg2 Bd6 45. Nxd6 Rh1 46. Nxc4 Re1 47. Ne5+ Kh7 48. Kf3 Kg8 49. Kf2 Rc1 50. g6 Rc2+ 51. Kf3 Rxg2 52. gxf7+ Kf8 53. Bc5+ 1-0


[Site "https://www.chess.com"]

[Event "Titled Tuesday Blitz December 06 Early 2022"]
[White "Moroni, Luca Jr"]
[Black "Jaskolka, Tomasz"]
[WhiteFideId "865834"]
[BlackFideId "1170791"]
[WhiteElo "2573"]
[BlackElo "2126"]
[Result "1-0"]
[Round "01"]
[TimeControl "180+1"]
[Date "2022.12.07"]
[WhiteClock "0:00:30"]
[BlackClock "0:00:19"]

1. d4 Nf6 2. Bf4 e6 3. e3 d5 4. Nf3 Bd6 5. Nbd2 Bxf4 6. exf4 c6 7. Bd3 Nbd7 8. Qe2 Qc7 9. Ne5 b6 10. c3 Bb7 11. g4 g6 12. f5 Nxe5 13. dxe5 Nd7 14. f4 O-O-O 15. O-O-O Nc5 16. Bc2 Ba6 17. Qe3 Kb8 18. Nf3 gxf5 19. gxf5 Rhg8 20. Rhg1 Ne4 21. Rxg8 Rxg8 22. fxe6 fxe6 23. Bxe4 dxe4 24. Qxe4 c5 25. Ng5 Bb7 26. Qxh7 Qxh7 27. Nxh7 Rh8 28. Ng5 Rxh2 29. Rd8+ Kc7 30. Nxe6+ Kc6 31. c4 Ba6 32. Rd6+ Kb7 33. b3 Rf2 34. a4 Kb8 35. Nxc5 Bc8 36. Nd3 Rf3 37. e6 Bxe6 38. Rxe6 Rxd3 39. Kc2 Rf3 40. Rf6 Kc7 41. Rf7+ Kc6 42. Rxa7 Rxf4 43. Rh7 Kc5 44. Rh5+ Kc6 45. Kc3 Rg4 46. Rh6+ Kb7 47. Rh5 Rg6 48. Kb4 Kc6 49. a5 bxa5+ 50. Rxa5 Rg1 51. Ra6+ Kb7 52. Rh6 Rg5 53. c5 Kc7 54. Kb5 Kb7 55. b4 Ka7 56. Rh7+ Ka8 57. Kb6 Rg6+ 58. c6 Rg8 59. Ra7+ Kb8 60. c7+ Kc8 61. Ra8+ Kd7 62. Rxg8 Ke7 63. c8=Q Kf7 64. Qe8+ Kf6 65. Rg6+ Kf5 66. Qe6+ Kf4 67. Rg4+ Kf3 68. Qe4+ Kf2 69. Rg2+ Kf1 70. Qe2# 1-0


[Site "https://www.chess.com"]

[Event "Titled Tuesday Blitz December 06 Early 2022"]
[White "Mortazavi, Ali"]
[Black "Harikrishna, Pentala"]
[WhiteFideId "401323"]
[BlackFideId "5007003"]
[WhiteElo "2339"]
[BlackElo "2617"]
[Result "0-1"]
[Round "01"]
[TimeControl "180+1"]
[Date "2022.12.06"]
[WhiteClock "0:00:01"]
[BlackClock "0:00:12"]

1. Nf3 d5 2. g3 g6 3. Bg2 Bg7 4. O-O e5 5. d3 Ne7 6. Nc3 Nbc6 7. e4 dxe4 8. dxe4 Qxd1 9. Rxd1 Bg4 10. Nb5 Rc8 11. c3 h6 12. Be3 a6 13. Na3 O-O 14. Nc4 Rfd8 15. a4 Be6 16. Bf1 f5 17. Bc5 fxe4 18. Nfd2 Bg4 19. Re1 b5 20. axb5 axb5 21. Ne3 Rxd2 22. Nxg4 Rxb2 23. Rxe4 h5 24. Ne3 Nf5 25. Ra6 Nd6 26. Bxd6 cxd6 27. Nd5 Kh7 28. Bh3 Rf8 29. Rxc6 Rfxf2 30. Re1 Rxh2 31. Bf1 Rhd2 32. Ne3 e4 33. Rc7 Kh6 34. Ng2 d5 35. Nf4 Be5 36. Rc6 Bxf4 37. gxf4 Rf2 38. Rc5 Rxf4 39. Rxb5 Rxf1+ 40. Rxf1 Rxb5 41. Rd1 Rc5 0-1


[Site "https://www.chess.com"]

[Event "Titled Tuesday Blitz December 06 Early 2022"]
[White "Moskvin, Anatoly"]
[Black "Wojtaszek, Radoslaw"]
[WhiteFideId "24199990"]
[BlackFideId "1118358"]
[WhiteElo "2104"]
[BlackElo "2605"]
[Result "1-0"]
[Round "01"]
[TimeControl "180+1"]
[Date "2022.12.07"]
[WhiteClock "0:00:54"]
[BlackClock "0:00:17"]

1. e4 c6 2. c4 d5 3. exd5 cxd5 4. cxd5 Nf6 5. Nc3 Nxd5 6. Nf3 Nxc3 7. dxc3 Qxd1+ 8. Kxd1 Nc6 9. Bd3 Bg4 10. Kc2 O-O-O 11. Be3 Bxf3 12. gxf3 e6 13. b4 Be7 14. a4 Bxb4 15. Be4 Ba5 16. Bxc6 bxc6 17. Bxa7 Rd5 18. Rab1 Kc7 19. Bd4 e5 20. Be3 f5 21. f4 g5 22. fxg5 f4 23. Bc1 Rhd8 24. h4 Rd3 25. Rb3 Rf3 26. Rh2 Rdd3 27. Bd2 Rh3 28. Rxh3 Rxh3 29. c4 Rh2 30. Bxa5+ Kd6 31. Rf3 Rxh4 32. Bb4+ c5 33. Rd3+ Kc6 34. Ba3 e4 35. Rd5 Rh2 36. Bxc5 e3 37. Kd3 Rxf2 38. Bb4 Rh2 39. a5 e2 40. Rf5 Rf2 41. Be1 Rf1 42. Kxe2 1-0


[Site "https://www.chess.com"]

[Event "Titled Tuesday Blitz December 06 Early 2022"]
[White "Movahed, Sina"]
[Black "Krzywda, Andrzej"]
[WhiteFideId "42520835"]
[BlackFideId "1114565"]
[WhiteElo "2225"]
[BlackElo "2149"]
[Result "1-0"]
[Round "01"]
[TimeControl "180+1"]
[Date "2022.12.07"]
[WhiteClock "0:00:14"]
[BlackClock "0:00:15"]

1. e4 c5 2. Nf3 Nc6 3. d4 cxd4 4. Nxd4 g6 5. c4 Nf6 6. Nc3 d6 7. Be2 Nxd4 8. Qxd4 Bg7 9. O-O O-O 10. Qd3 Be6 11. Be3 Rc8 12. b3 a6 13. Rac1 Nd7 14. Nd5 Nc5 15. Qb1 f5 16. Nf4 Bd7 17. exf5 Bxf5 18. Nd3 b5 19. cxb5 axb5 20. b4 Na4 21. Qb3+ Kh8 22. Nf4 Nc3 23. Bf3 Qd7 24. Nd5 Nxd5 25. Qxd5 e6 26. Qd2 d5 27. Bc5 Rfe8 28. g4 Be5 29. gxf5 gxf5 30. Kh1 Qd8 31. Rg1 Qh4 32. Rg2 Bf4 33. Qb2+ e5 34. Rcg1 d4 35. Qxd4 exd4 36. Bxd4+ Be5 37. Rg8+ Rxg8 38. Bxe5+ Rg7 39. Bxg7+ Kg8 40. Bd5# 1-0


[Site "https://www.chess.com"]

[Event "Titled Tuesday Blitz December 06 Early 2022"]
[White "Mrudul Dehankar"]
[Black "Oro, Faustino"]
[WhiteFideId "25096990"]
[BlackFideId "20000197"]
[WhiteElo "2139"]
[BlackElo "1984"]
[Result "0-1"]
[Round "01"]
[TimeControl "180+1"]
[Date "2022.12.07"]
[WhiteClock "0:00:01"]
[BlackClock "0:00:34"]

1. e4 c5 2. Nf3 d6 3. d4 cxd4 4. Nxd4 Nf6 5. Nc3 a6 6. Bg5 e6 7. f4 h6 8. Bh4 Qb6 9. a3 Be7 10. Bf2 Qc7 11. Qf3 b5 12. O-O-O Bb7 13. g4 Nbd7 14. Bg2 Nc5 15. Qe2 Rc8 16. Kb1 Nfd7 17. h4 Nb6 18. f5 Nc4 19. Nxe6 fxe6 20. g5 h5 21. Bf3 Qa5 22. f6 gxf6 23. Kc1 Nxa3 24. Bxh5+ Kd8 25. gxf6 Bxf6 26. Rxd6+ Ke7 27. Bxc5 Rxc5 28. Rhd1 Bc8 29. Qg4 Rcxh5 30. Qg6 R5h6 0-1


[Site "https://www.chess.com"]

[Event "Titled Tuesday Blitz December 06 Early 2022"]
[White "Nambiar, Vivek"]
[Black "Postnikov, Artem"]
[WhiteFideId "5005329"]
[BlackFideId "34153575"]
[WhiteElo "2119"]
[BlackElo "2243"]
[Result "0-1"]
[Round "01"]
[TimeControl "180+1"]
[Date "2022.12.07"]
[WhiteClock "0:00:03"]
[BlackClock "0:00:24"]

1. Nf3 Nf6 2. c4 e6 3. Nc3 d5 4. e3 a6 5. d4 dxc4 6. Bxc4 b5 7. Bb3 Bb7 8. O-O Nbd7 9. Qe2 c5 10. Rd1 cxd4 11. exd4 b4 12. Na4 Be7 13. Nc5 Bd5 14. Nxd7 Qxd7 15. Ne5 Qb7 16. Bxd5 Qxd5 17. Bg5 O-O 18. Rac1 h6 19. Bh4 Qb5 20. Qxb5 axb5 21. Bxf6 Bxf6 22. Nd7 Rfd8 23. Nxf6+ gxf6 24. Rc5 Rxa2 25. Rxb5 Rxb2 26. g3 f5 27. d5 b3 28. d6 Rd7 29. Rc5 Rc2 30. Rxc2 bxc2 31. Rc1 Rxd6 32. Rxc2 Kg7 33. f4 h5 34. Kg2 Kg6 35. h4 Rd3 36. Re2 Ra3 37. Kf2 Ra4 38. Kg2 Ra6 39. Kf2 Kf6 40. Rb2 Rc6 41. Rd2 Ke7 42. Kg2 Rd6 43. Rc2 Rd3 44. Kf2 Kd7 45. Rb2 Kc6 46. Ra2 Kd5 47. Ra7 Ke4 48. Rxf7 Rd2+ 49. Ke1 Rg2 50. Re7 Rxg3 51. Rxe6+ Kxf4 52. Rh6 Kg4 53. Rg6+ Kxh4 54. Rf6 Kg5 55. Rf8 h4 56. Kf2 Ra3 57. Rg8+ Kf4 58. Rh8 Ra2+ 59. Kg1 Kg3 60. Rg8+ Kh3 61. Rf8 Kg4 62. Rg8+ Kf3 63. Rh8 Ra4 64. Rh7 Rg4+ 65. Kf1 f4 66. Rh8 Kg3 67. Rh7 h3 68. Rh8 h2 69. Rh7 Rh4 70. Rg7+ Kf3 0-1


[Site "https://www.chess.com"]

[Event "Titled Tuesday Blitz December 06 Early 2022"]
[White "Nugumanov, Bakhtiyar"]
[Black "Agasarov, Benik"]
[WhiteFideId "13701797"]
[BlackFideId "13314823"]
[WhiteElo "2287"]
[BlackElo "2179"]
[Result "0-1"]
[Round "01"]
[TimeControl "180+1"]
[Date "2022.12.07"]
[WhiteClock "0:00:06"]
[BlackClock "0:00:34"]

1. e4 e5 2. Nf3 Nf6 3. Nc3 Nc6 4. d4 Bb4 5. d5 Ne7 6. Bd3 Bxc3+ 7. bxc3 d6 8. Bg5 Ng6 9. O-O h6 10. Be3 O-O 11. Rb1 b6 12. h3 a5 13. Qe2 Nh5 14. Kh2 Nhf4 15. Qd2 Qf6 16. Ng1 Kh7 17. g3 Nxd3 18. cxd3 Qe7 19. f4 exf4 20. Bxf4 f5 21. Rbe1 fxe4 22. Rxe4 Qf7 23. Nf3 Qxd5 24. c4 Qg8 25. Nd4 Bb7 26. Re2 Rae8 27. Ref2 Rf7 28. Nb5 Bc6 29. Nd4 Bd7 30. h4 Ref8 31. h5 Nxf4 32. Rxf4 g6 33. hxg6+ Qxg6 34. Qf2 Rxf4 35. gxf4 Qh5+ 0-1


[Site "https://www.chess.com"]

[Event "Titled Tuesday Blitz December 06 Early 2022"]
[White "Ohanyan, Emin"]
[Black "Bambino Filho, Antonio Carlos"]
[WhiteFideId "13312022"]
[BlackFideId "2113163"]
[WhiteElo "2352"]
[BlackElo "2428"]
[Result "1-0"]
[Round "01"]
[TimeControl "180+1"]
[Date "2022.12.07"]
[WhiteClock "0:00:48"]
[BlackClock "0:02:11"]

1. e4 c5 2. Nf3 d6 3. d4 cxd4 4. Nxd4 Nf6 5. Nc3 a6 6. Bc4 e6 7. Bb3 b5 8. f4 Nbd7 9. f5 Nc5 10. fxe6 fxe6 11. O-O Be7 12. Bg5 O-O 13. Nf5 Nxb3 14. Nxe7+ Qxe7 15. axb3 h6 16. Bxf6 Rxf6 17. Rxf6 gxf6 18. Nxb5 d5 19. Nc3 Qc5+ 20. Kh1 d4 21. Ne2 e5 22. Ng3 Be6 23. Qd2 Kh7 24. Rf1 Rc8 25. Rxf6 Qxc2 26. Qxh6+ 1-0


[Site "https://www.chess.com"]

[Event "Titled Tuesday Blitz December 06 Early 2022"]
[White "Olenik Campa, Rudi"]
[Black "Yilmaz, Mustafa"]
[WhiteFideId "14633264"]
[BlackFideId "6302718"]
[WhiteElo "2131"]
[BlackElo "2564"]
[Result "0-1"]
[Round "01"]
[TimeControl "180+1"]
[Date "2022.12.06"]
[WhiteClock "0:00:10"]
[BlackClock "0:01:59"]

1. e4 c5 2. Nf3 e6 3. c4 Nc6 4. Nc3 Nd4 5. Bd3 Ne7 6. Nxd4 cxd4 7. Ne2 e5 8. O-O d6 9. f4 Nc6 10. Bb1 h5 11. d3 h4 12. a3 h3 13. g3 a5 14. Bd2 Bg4 15. Bc2 Be7 16. Rf2 O-O 17. b4 axb4 18. axb4 Rxa1 19. Qxa1 Qa8 20. Qb2 Qa7 21. b5 Nd8 22. Bb4 b6 23. Nc1 Ne6 24. fxe5 dxe5 25. Bxe7 Qxe7 26. Nb3 Qb4 27. Rf1 Ra8 28. Qb1 Qc3 29. Nc1 Ra1 30. Qb3 Qd2 31. c5 Qg2# 0-1


[Site "https://www.chess.com"]